 Dungeon Crawl Stone Soup version 0.17-a0-1-g1f4be75 (console) character file.

1130 MarvinPA the Reanimator (level 8, -15/52 HPs)
             Began as a Mummy Necromancer on Mar 4, 2015.
             Was an Initiate of Gozag.
             Demolished by a cyclops (20 damage)
             ... on level 6 of the Dungeon.
             The game lasted 00:14:15 (6831 turns).

MarvinPA the Reanimator (Mummy Necromancer)         Turns: 6831, Time: 00:14:15

Health: -15/52     AC:  5    Str: 11      XL:     8   Next: 13%
Magic:  18/27      EV: 12    Int: 16      God:    Gozag
Gold:   87         SH:  0    Dex:  7 (12) Spells: 3 memorised, 7 levels left

rFire  x . .     SeeInvis .     a - +1 quarterstaff
rCold  + . .     Clarity  .     l - +1 leather armour {rPois}
rNeg   + + +     SustAb   .     (no shield)
rPois  ∞         Gourm    .     d - +0 helmet
rElec  .         Spirit   .     (no cloak)
rCorr  .         Warding  .     (no gloves)
rMut   .         Stasis   .     (no boots)
MR     +....                    (no amulet)
Stlth  +.........               g - ring of wizardry
                                m - ring of magical power

@: somewhat resistant to hostile enchantments, very unstealthy
A: no food or potions, fire vulnerability, restore body, cold resistance 1,
negative energy resistance 3, poison resistance, torment resistance, unbreathing
a: Potion Petition, Call Merchant, Bribe Branch, Renounce Religion


You were on level 6 of the Dungeon.
You worshipped Gozag.
Gozag was noncommittal.
You were not hungry.

You visited 2 branches of the dungeon, and saw 8 of its levels.

You collected 241 gold pieces.
You paid 154 gold pieces to Gozag.


Innate Abilities, Weirdness & Mutations

You do not eat or drink.
Your flesh is vulnerable to fire.
Your flesh is cold resistant.
You are immune to negative energy.
Your system is resistant to poisons.
You are immune to unholy pain and torment.
You can survive without breathing.


   Skills:
 + Level 4.7 Dodging
 - Level 1.5 Stealth
 - Level 4.1 Spellcasting
 + Level 8.0 Necromancy


You had 7 spell levels left.
You knew the following spells:

 Your Spells              Type           Power        Failure   Level  Hunger
x - Vampiric Draining     Necr           ####......   1%          3    N/A
z - Pain                  Necr           ####         1%          1    N/A
Z - Control Undead        Necr           ####......   4%          4    N/A

Inventory:

Hand weapons
 a - a +1 quarterstaff (weapon)
Armour
 d - a +0 helmet (worn)
 l - a +1 leather armour of poison resistance (worn)
Jewellery
 c - a +2 ring of intelligence
 g - a ring of wizardry (right hand)
 m - a ring of magical power (left hand)
 s - a ring of wizardry
Scrolls
 f - a scroll of enchant armour
 i - 2 scrolls of remove curse
Books
 b - a book of Necromancy
 o - a book of Debilitation

Dungeon Overview and Level Annotations

Branches:
Dungeon (7/15)             Temple (1/1) D:6

Altars:
Ashenzari
Cheibriados
Gozag
Kikubaaqudgha
Makhleb
Nemelex Xobeh
Qazlal
Ru
Sif Muna
Trog
Vehumet
Xom
Yredelemnul
Zin
The Shining One

Annotations:
D:4 emiel's ghost, experienced HuWn
D:6 Grinder

#.#... #>#.....
...##£.....#....5
..######........ ..##
...#....5 ...
....#..... #########.#
....######. #.......#.#
.#.#.# #£
#(......C.##.....# #≈
#......M#.# .#.#.# #.
#########.# .....# #.
#..####.#.## #.
#..........######
##.####C.#.....%.. #..
###.£#..######
##..##.((.).ZC..)##
#..(.(.#.......<...
#.....####/#.##..###£##


You could see a cyclops.


Message History

The quasit claws you but does no damage.
You hit the quasit.
You kill the quasit!
Found 14 sling bullets of flame.
There is an open door here.
Which direction?
You close the door.
You start resting.
Magic restored.
You start resting.
Something unseen opens the door.
You start resting.
Cast which spell?
Aiming: Vampiric Draining
Aim: a cyclops The cyclops is lightly wounded.
You feel life coursing into your body.
Cast which spell?
Aiming: Vampiric Draining
Aim: a cyclops (lightly wounded)
The cyclops is moderately wounded.
You feel life coursing into your body. The cyclops hits you!
* * * LOW HITPOINT WARNING * * *
Cast which spell?
Aiming: Vampiric Draining
Aim: a cyclops (moderately wounded)
The cyclops is heavily wounded.
You feel life coursing into your body. The cyclops hits you!!
You die...
Your body crumbles into a pile of gold.

Action                   |  1- 3 |  4- 6 |  7- 9 || total
-------------------------+-------+-------+-------++-------
Melee: Unarmed           |    11 |    59 |       ||    70
       Whip              |       |   113 |       ||   113
       Quarterstaff      |       |     3 |    32 ||    35
 Cast: Pain              |    87 |    94 |    42 ||   223
       Control Undead    |       |    13 |     3 ||    16
       Vampiric Draining |       |    10 |    23 ||    33
  Use: Scroll            |       |       |     8 ||     8
 Stab: Distracted        |       |     1 |       ||     1

Vault maps used:
D:1:      onia_arrival_handbag, amethyst_killhole, minivault_5
D:3:      zin_scriptorium
D:4:      nemelex_xobeh_ov_fountains_minmay, glass_columns_a, uniq_menkaure
D:5:      lightli_temple_of_fire, first_bread
D:6:      temple_doors_e, serial_glass, glass_columns_a, glass_columns_a,
          glass_columns_a, glass_columns_b, glass_columns_c, glass_columns_b,
          glass_columns_a, glass_columns_c, minmay_divided_ellipse, uniq_grinder
D:7:      okawaru_ov_weapons_minmay
Temple:   oiseaux_autumnal_temple_12

Notes
Turn   | Place    | Note
--------------------------------------------------------------
     0 | D:1      | MarvinPA, the Mummy Necromancer, began the quest for the Orb.
     0 | D:1      | Reached XP level 1. HP: 13/13 MP: 3/3
   251 | D:1      | Reached XP level 2. HP: 19/19 MP: 3/5
   631 | D:1      | Reached XP level 3. HP: 24/24 MP: 4/6
   659 | D:1      | Learned a level 3 spell: Vampiric Draining
  1455 | D:2      | Reached skill level 3 in Spellcasting
  2132 | D:3      | Reached XP level 4. HP: 30/30 MP: 2/9
  2217 | D:3      | Learned a level 4 spell: Control Undead
  2431 | D:3      | Reached skill level 5 in Necromancy
  2723 | D:3      | Found a glowing silver altar of Zin.
  2796 | D:4      | Found a sparkling altar of Nemelex Xobeh.
  2826 | D:4      | Reached XP level 5. HP: 35/35 MP: 1/11
  2927 | D:4      | Noticed an ogre
  2934 | D:4      | Killed an ogre
  2934 | D:4      | Reached skill level 4 in Spellcasting
  3055 | D:4      | Noticed Menkaure
  3128 | D:4      | Noticed an ogre
  3138 | D:4      | Menkaure (ally) was killed
  3138 | D:4      | Your ally died
  3196 | D:4      | Killed an ogre
  3196 | D:4      | Reached skill level 2 in Dodging
  3196 | D:4      | Reached skill level 6 in Necromancy
  3196 | D:4      | Reached XP level 6. HP: 41/41 MP: 10/15
  3382 | D:4      | Noticed emiel's ghost (experienced HuWn)
  3769 | D:5      | Entered Level 5 of the Dungeon
  4646 | D:5      | Reached skill level 3 in Dodging
  4841 | D:5      | Found a bloodstained altar of Trog.
  5389 | D:6      | Found a staircase to the Ecumenical Temple.
  5414 | D:6      | Reached XP level 7. HP: 40/46 MP: 17/17
  5530 | D:6      | Noticed Grinder
  5708 | D:6      | Reached skill level 7 in Necromancy
  5866 | D:6      | Reached skill level 4 in Dodging
  5868 | D:6      | ow
  6097 | D:6      | Noticed a cyclops
  6097 | D:6      | uh
  6249 | Temple   | Entered the Ecumenical Temple
  6419 | Temple   | Became a worshipper of Gozag Ym Sagoz the Greedy
  6530 | D:6      | Reached XP level 8. HP: 41/52 MP: 18/18
  6542 | D:6      | HP: 5/52 [gnoll (3)]
  6543 | D:6      | Reached skill level 8 in Necromancy
  6830 | D:6      | HP: 3/52 [cyclops (15)]
  6831 | D:6      | Demolished by a cyclops

Vanquished Creatures
  Menkaure (D:4)
  An orc warrior (D:6)
  4 ogres
  A sky beast (D:6)
  A centaur (D:6)
  2 scorpions
  A wight (D:6)
  A centaur zombie (D:5)
  2 orc priests
  A quasit (D:6)
  A hound (D:6)
  A jelly (D:6)
  An orc wizard (D:4)
  3 worker ants
  3 adders
  4 gnolls
  A shadow imp (D:5)
  A worm (D:3)
  An adder zombie (D:5)
  5 giant geckos
  10 orcs
  13 bats
  3 bat skeletons
  5 giant cockroaches
  14 hobgoblins
  6 jackals
  3 quokkas
  2 ball pythons
  A giant gecko zombie (D:5)
  5 giant newts
  13 goblins
  A jackal skeleton (D:6)
  11 kobolds
  9 rats
132 creatures vanquished.

Vanquished Creatures (collateral kills)
  A crimson imp (D:5)
  An adder (D:4)
  A shadow imp (D:5)
  A worm (D:4)
  A kobold (D:4)
  A bat (D:4)
  A giant cockroach zombie (D:5)
7 creatures vanquished.

Grand Total: 139 creatures vanquished
